 Dungeon Crawl Stone Soup version 0.29.1-15-g9cfb28693d (webtiles) character file.

Game seed: 7099466579970906260

8529 Renzlar the Blocker (level 11, 89/89 HPs)
             Began as a Gnoll Fighter on Apr 9, 2023.
             Quit the game on level 9 of the Dungeon.
             The game lasted 00:44:08 (11031 turns).

Renzlar the Blocker (Gnoll Fighter)                Turns: 11031, Time: 00:44:09

Health: 89/89      AC: 15    Str: 19    XL:     11   Next: 32%
Magic:  20/20      EV: 13    Int:  8    God:
Gold:   465        SH:  8    Dex: 12    Spells: 15/22 levels left

rFire   + . .      SeeInvis +   b - +3 demon blade (elec)
rCold   . . .      Faith    .   l - +2 buckler
rNeg    . . .      Spirit   .   t - +3 ring mail {rF+}
rPois   .          Reflect  .   (no helmet)
rElec   .          Harm     .   f - +0 cloak
rCorr   .          Rampage  .   A - +0 pair of gloves
Will    .....                   p - +1 pair of boots {Stlth+}
Stlth   +++.......              (no amulet)
HPRegen 0.24/turn               v - ring of see invisible
MPRegen 0.17/turn               (no ring)

@: no status effects
A: fangs 1, strong nose, distributed training
a: no special abilities


You were on level 9 of the Dungeon.
You visited 2 branches of the dungeon, and saw 10 of its levels.

You collected 622 gold pieces.
You spent 157 gold pieces at shops.

Inventory:

Hand Weapons
 a - a +0 war axe of flaming
 b - a +3 demon blade of electrocution (weapon)
 c - a +0 sling
 q - a +1 dagger of speed
 u - a +2 vorpal broad axe
Missiles
 d - a curare-tipped dart (quivered)
 x - 13 poisoned darts
Armour
 f - a +0 cloak (worn)
 l - a +2 buckler (worn)
 p - a +1 pair of boots of stealth (worn)
 t - a +3 ring mail of fire resistance (worn)
 A - a +0 pair of gloves (worn)
Jewellery
 s - a ring of resist corrosion
 v - a ring of see invisible (left hand)
Wands
 o - a wand of acid (7)
 B - a wand of iceblast (5)
Scrolls
 h - 4 scrolls of blinking
 k - 2 scrolls of silence
 y - 2 scrolls of teleportation
 z - 3 scrolls of fear
Potions
 e - 2 potions of invisibility
 g - 4 potions of haste
 i - a potion of resistance
 j - a potion of flight
 m - 2 potions of lignification
 n - 9 potions of curing
 r - 3 potions of heal wounds
 C - a potion of mutation
 D - a potion of berserk rage


   Skills:
 + Level 9.2 Fighting
 + Level 6.4 Short Blades
 + Level 6.4 Long Blades
 + Level 8.0 Axes
 + Level 6.4 Maces & Flails
 + Level 6.4 Polearms
 + Level 6.4 Staves
 + Level 6.4 Ranged Weapons
 + Level 6.4 Throwing
 + Level 9.2 Armour
 + Level 6.4 Dodging
 + Level 6.4 Stealth
 + Level 9.2 Shields
 + Level 6.4 Unarmed Combat
 + Level 6.4 Spellcasting
 + Level 5.3 Conjurations
 + Level 5.3 Hexes
 + Level 5.3 Summonings
 + Level 5.3 Necromancy
 + Level 5.3 Translocations
 + Level 5.3 Transmutations
 + Level 5.3 Fire Magic
 + Level 5.3 Ice Magic
 + Level 5.3 Air Magic
 + Level 5.3 Earth Magic
 + Level 5.3 Poison Magic
 + Level 7.0 Invocations
 + Level 6.4 Evocations


You had 15 spell levels left.
You knew the following spells:

 Your Spells              Type           Power      Damage    Failure   Level
a - Frozen Ramparts       Ice            22%        1d4       14%         3
b - Summon Lightning Spi  Summ/Air       11%        N/A       43%         4

Your spell library contained the following spells:

 Spells                   Type           Power      Damage    Failure   Level
 Freeze                   Ice            44%        1d6       4%          1
 Sandblast                Erth           22%        2d7       4%          1
 Passwall                 Tmut/Erth      9%         N/A       8%          2
 Static Discharge         Conj/Air       11%        3-5/arc   8%          2
 Ozocubu's Armour         Ice            11%        N/A       14%         3
 Portal Projectile        Hex/Tloc       22%        N/A       14%         3
 Stone Arrow              Conj/Erth      22%        3d8       14%         3
 Tukima's Dance           Hex            11%        N/A       14%         3
 Airstrike                Air            5%         2d(1-17)  43%         4
 Hailstorm                Conj/Ice       11%        3d5       43%         4
 Petrify                  Tmut/Erth      11%        N/A       43%         4
 Blade Hands              Tmut           5%         N/A       80%         5
 Lightning Bolt           Conj/Air       5%         1d17      80%         5
 Metabolic Englaciation   Hex/Ice        5%         N/A       80%         5
 Conjure Ball Lightning   Conj/Air       5%         3x3d6     100%        6
 Simulacrum               Ice/Necr       5%         N/A       100%        6
 Statue Form              Tmut/Erth      7%         N/A       100%        6
 Discord                  Hex            5%         N/A       100%        8
 Disjunction              Tloc           5%         N/A       100%        8
 Maxwell's Capacitive Co  Air            5%         ∞         100%        8


Dungeon Overview and Level Annotations

Branches:
Dungeon (9/15)             Temple (1/1) D:4             Orc (0/2) D:9
   Lair: D:8-11

Altars:
Ashenzari
Cheibriados
Dithmenos
Elyvilon
Fedhas
Gozag
Hepliaklqana
Makhleb
Nemelex Xobeh
Okawaru
Qazlal
Ru
Sif Muna
Trog
Uskayaw
Vehumet
Wu Jian
Xom
Yredelemnul
Zin
The Shining One

Shops:
D:1 [   D:8 [   D:9 [


Innate Abilities, Weirdness & Mutations

You have very sharp teeth.
Your uncanny sense of smell can sniff out nearby items.
Your experience applies equally to all skills.


Message History

c - a +0 sling (weapon)
Found a stone staircase leading down.
There is a stone staircase leading down here.
Found 3 stones.
Found a copper ring.
You see here 3 stones.
Found a stone staircase leading down.
s - a ring of resist corrosion You see here 3 stones.
There is a stone staircase leading down here.
You see here a +0 flail.
Things that are here:
a +0 dagger; a +0 robe
Things that are here:
a +2 dagger of distortion; a +0 robe
Things that are here:
a +0 falchion; a +0 war axe; a +0 ring mail You see here a +0 dagger.
There is a stone staircase leading down here.
Found a scroll of fear.
Found a stone staircase leading up.
z - 3 scrolls of fear (gained 1) Done exploring.
Done exploring.
Search for what [Enter for "oka", or ? for help]? oka Sorry, I don't know how to get there.
Okay, then.
(D) Dungeon (T) Temple (O) Orcish Mines
Where to? (Enter - D:9 @ (x,y), ? - help)
Okay, then.
This spell is dangerous to cast!
Memorise Summon Lightning Spire, consuming 4 spell levels and leaving 15?
You start memorising the spell.
You continue memorising. x4
You finish memorising.
Spell assigned to 'b'.
(D) Dungeon (T) Temple (O) Orcish Mines
Where to? (Enter - D:9 @ (x,y), ? - help)
Okay, then.
You hear the crackle of electricity.
b - a +3 demon blade of electrocution (weapon)
Are you sure you want to abandon this character and quit the game? (Confirm with "yes".)

# #.............# #
#...⌠.._..⌠...# #
#.............#
######..))..8......#
.....##8'8#####8'8###
...>................#
#...#)...#######..#.#
#.#.))##.########.#.#
#.##)###........@..<#
)....############.###
)...........).^...#
###################


There were no monsters in sight!

Vanquished Creatures
  Erolcha (D:9)
  A two-headed ogre (D:9)
  Pikel (D:4)
  Psyche (D:9)
  Maggie (D:6)
  Prince Ribbit (D:6)
  4 slime creatures
  Grinder (D:6)
  A shadow (D:9)
  6 yaks
  A wyvern (D:9)
  Eustachio (D:5)
  2 steam dragons (D:8)
  Menkaure (D:4)
  Edmund (D:4)
  A water moccasin (D:8)
  9 orc warriors
  A lemure (D:4)
  2 centaurs
  A phantom (D:5)
  Blork the orc (D:4)
  2 kobold brigands (D:6)
  8 bullfrogs
  2 scorpions
  6 killer bees (D:9)
  A howler monkey (D:8)
  A jelly (D:6)
  3 hounds
  10 orc priests
  3 iguanas
  8 orc wizards
  Natasha (thrice) (D:4)
  A gnoll (D:1)
  12 adders
  2 shadow imps
  2 white imps
  An ufetubus (D:7)
  A worm (D:4)
  A dart slug (D:5)
  42 orcs
  2 ball pythons
  6 bats
  9 endoplasms
  4 giant cockroaches
  3 hobgoblins
  4 jackals
  18 kobolds
  3 quokkas
  5 frilled lizards
  7 goblins
  8 rats
217 creatures vanquished.

Vanquished Creatures (collateral kills)
  An orc (D:9)
1 creature vanquished.

Grand Total: 218 creatures vanquished

Notes
Turn   | Place    | Note
-------+----------+-------------------------------------------
     0 | D:1      | Renzlar the Gnoll Fighter began the quest for the Orb.
     0 | D:1      | Reached XP level 1. HP: 23/23 MP: 1/1
    19 | D:1      | Reached XP level 2. HP: 20/29 MP: 2/2
   163 | D:1      | Found a faded altar of an unknown god.
   347 | D:1      | Found Qoliac's Antique Armour Boutique.
   722 | D:1      | Reached XP level 3. HP: 35/35 MP: 3/3
  1370 | D:2      | Reached skill level 1 in Invocations
  1485 | D:2      | You fall into a shaft and drop 2 floors!
  1491 | D:4      | Found a staircase to the Ecumenical Temple.
  1501 | Temple   | Entered the Ecumenical Temple
  1506 | Temple   | Reached skill level 1 in Short Blades
  1506 | Temple   | Reached skill level 1 in Long Blades
  1506 | Temple   | Reached skill level 1 in Maces & Flails
  1506 | Temple   | Reached skill level 1 in Polearms
  1506 | Temple   | Reached skill level 1 in Staves
  1506 | Temple   | Reached skill level 1 in Ranged Weapons
  1506 | Temple   | Reached skill level 1 in Throwing
  1506 | Temple   | Reached skill level 1 in Dodging
  1506 | Temple   | Reached skill level 1 in Stealth
  1506 | Temple   | Reached skill level 1 in Unarmed Combat
  1506 | Temple   | Reached skill level 1 in Spellcasting
  1506 | Temple   | Reached skill level 1 in Evocations
  1506 | Temple   | Reached XP level 4. HP: 25/41 MP: 5/5
  2038 | Temple   | Reached skill level 1 in Conjurations
  2038 | Temple   | Reached skill level 1 in Hexes
  2038 | Temple   | Reached skill level 1 in Summonings
  2038 | Temple   | Reached skill level 1 in Necromancy
  2038 | Temple   | Reached skill level 1 in Translocations
  2038 | Temple   | Reached skill level 1 in Transmutations
  2038 | Temple   | Reached skill level 1 in Fire Magic
  2038 | Temple   | Reached skill level 1 in Ice Magic
  2038 | Temple   | Reached skill level 1 in Air Magic
  2038 | Temple   | Reached skill level 1 in Earth Magic
  2038 | Temple   | Reached skill level 1 in Poison Magic
  2234 | D:4      | Noticed Edmund
  2245 | D:4      | Killed Edmund
  2246 | D:4      | Reached XP level 5. HP: 14/47 MP: 7/7
  2246 | D:4      | Reached XP level 6. HP: 15/53 MP: 8/8
  2408 | D:4      | Reached skill level 5 in Axes
  2928 | D:1      | Bought a pair of embroidered boots for 157 gold pieces
  3395 | D:4      | Noticed Menkaure
  3470 | D:4      | Noticed Blork the orc
  3495 | D:4      | Killed Blork the orc
  3747 | D:4      | Noticed Pikel
  3770 | D:4      | Killed Pikel
  3771 | D:4      | Reached XP level 7. HP: 48/60 MP: 9/11
  3771 | D:4      | Reached XP level 8. HP: 54/67 MP: 9/12
  3855 | D:4      | Killed Menkaure
  4125 | D:4      | Noticed Natasha
  4135 | D:4      | Killed Natasha
  4192 | D:4      | Noticed Natasha
  4196 | D:4      | Killed Natasha
  4265 | D:4      | Noticed Natasha
  4270 | D:4      | Killed Natasha
  4543 | D:5      | Entered Level 5 of the Dungeon
  4844 | D:5      | Noticed Eustachio
  4860 | D:5      | Killed Eustachio
  5366 | D:5      | Identified a scroll of acquirement
  5366 | D:5      | Acquired a +3 demon blade of electrocution
  5658 | D:6      | Noticed Maggie
  5677 | D:6      | Killed Maggie
  5678 | D:6      | Reached XP level 9. HP: 38/74 MP: 13/15
  5919 | D:6      | Noticed Prince Ribbit
  5931 | D:6      | Killed Prince Ribbit
  6520 | D:6      | Noticed Grinder
  6532 | D:6      | Killed Grinder
  6533 | D:6      | Reached skill level 5 in Invocations
  7403 | D:7      | Reached skill level 5 in Short Blades
  7403 | D:7      | Reached skill level 5 in Long Blades
  7403 | D:7      | Reached skill level 5 in Maces & Flails
  7403 | D:7      | Reached skill level 5 in Polearms
  7403 | D:7      | Reached skill level 5 in Staves
  7403 | D:7      | Reached skill level 5 in Ranged Weapons
  7403 | D:7      | Reached skill level 5 in Throwing
  7403 | D:7      | Reached skill level 5 in Dodging
  7403 | D:7      | Reached skill level 5 in Stealth
  7403 | D:7      | Reached skill level 5 in Unarmed Combat
  7403 | D:7      | Reached skill level 5 in Spellcasting
  7403 | D:7      | Reached skill level 5 in Evocations
  7403 | D:7      | Reached XP level 10. HP: 21/82 MP: 17/17
  8180 | D:7      | Learned a level 3 spell: Frozen Ramparts
  8375 | D:8      | Noticed a +0 hand axe
  8376 | D:8      | Found a hide-covered altar of Uskayaw.
  8380 | D:8      | Noticed a +0 hand axe
  8907 | D:8      | Found Unioquit's Antique Armour Boutique.
  9518 | D:9      | Noticed Erolcha
  9532 | D:9      | Killed Erolcha
  9725 | D:9      | Found an iron altar of Okawaru.
  9729 | D:9      | Found a white marble altar of Elyvilon.
  9731 | D:9      | Found a shadowy altar of Dithmenos.
  9831 | D:9      | Found Susanowo's Dragon-Slaying Spoils.
  9888 | D:9      | Noticed Psyche
  9894 | D:9      | Killed Psyche
  9895 | D:9      | Reached skill level 5 in Conjurations
  9895 | D:9      | Reached skill level 5 in Hexes
  9895 | D:9      | Reached skill level 5 in Summonings
  9895 | D:9      | Reached skill level 5 in Necromancy
  9895 | D:9      | Reached skill level 5 in Translocations
  9895 | D:9      | Reached skill level 5 in Transmutations
  9895 | D:9      | Reached skill level 5 in Fire Magic
  9895 | D:9      | Reached skill level 5 in Ice Magic
  9895 | D:9      | Reached skill level 5 in Air Magic
  9895 | D:9      | Reached skill level 5 in Earth Magic
  9895 | D:9      | Reached skill level 5 in Poison Magic
  9895 | D:9      | Reached XP level 11. HP: 82/89 MP: 20/20
 10336 | D:9      | Found a staircase to the Orcish Mines.
 10593 | D:9      | Noticed a two-headed ogre
 10602 | D:9      | Killed a two-headed ogre
 11030 | D:9      | Learned a level 4 spell: Summon Lightning Spire
 11031 | D:9      | Quit the game

Illustrated notes

Levels and vault maps discovered:
D:1:      elethiomel_arrival_quiet, layout_basic, serial_shops,
          nicolae_shop_stone, shapermc_ecumenical_altar_mp_highgroup,
          chequers_decorated_corner
D:2:      layout_loops_cross
D:3:      layout_basic
D:4:      layout_basic, minmay_temple_entry_arrows, kennysheep_small_square,
          uniq_pikel, uniq_blork_the_orc, uniq_menkaure, uniq_natasha,
          uniq_edmund
D:5:      nicolae_BIG_FREAKIN_CUBE, layout_loops_corners, uniq_eustachio
D:6:      layout_basic, hangedman_decor_riveting, grunt_ministairs_3,
          uniq_prince_ribbit1, uniq_grinder, uniq_maggie
D:7:      layout_cave_pools, enter_bailey_3
D:8:      layout_basic, dancing_weapons_uskayaw, serial_shops,
          nicolae_square_shop
D:9:      layout_loops_ring, nicolae_overflow_hidden_temple, david_orc_5,
          nicolae_shop_dragon_depot, nrook_mini_backslash, uniq_erolcha,
          uniq_psyche
Temple:   bh_familiar_temple

Skill      XL: |  1  2  3  4  5  6  7  8  9 10 11 |
---------------+----------------------------------+-----
Invocations    | 1 2 3 4 5 6 7 |  7.0
Short Blades   | 1 3 4 5 6 |  6.4
Long Blades    | 1 3 4 5 6 |  6.4
Maces & Flails | 1 3 4 5 6 |  6.4
Polearms       | 1 3 4 5 6 |  6.4
Staves         | 1 3 4 5 6 |  6.4
Ranged Weapons | 1 3 4 5 6 |  6.4
Throwing       | 1 3 4 5 6 |  6.4
Dodging        | 1 3 4 5 6 |  6.4
Stealth        | 1 3 4 5 6 |  6.4
Unarmed Combat | 1 3 4 5 6 |  6.4
Spellcasting   | 1 3 4 5 6 |  6.4
Evocations     | 1 3 4 5 6 |  6.4
Conjurations   | 1 2 3 4 5 |  5.3
Hexes          | 1 2 3 4 5 |  5.3
Summonings     | 1 2 3 4 5 |  5.3
Necromancy     | 1 2 3 4 5 |  5.3
Translocations | 1 2 3 4 5 |  5.3
Transmutations | 1 2 3 4 5 |  5.3
Fire Magic     | 1 2 3 4 5 |  5.3
Ice Magic      | 1 2 3 4 5 |  5.3
Air Magic      | 1 2 3 4 5 |  5.3
Earth Magic    | 1 2 3 4 5 |  5.3
Poison Magic   | 1 2 3 4 5 |  5.3
Axes           | 5 6 7 8 |  8.0
Fighting       | 7 8 9 |  9.2
Armour         | 7 8 9 |  9.2
Shields        | 7 8 9 |  9.2

Action                   |  1- 3 |  4- 6 |  7- 9 | 10-12 || total
-------------------------+-------+-------+-------+-------++-------
Melee: War axe           |    35 |    93 |    93 |       ||   221
       Bite              |     2 |    10 |    17 |    31 ||    60
       Demon blade       |       |       |   111 |   277 ||   388
       Dagger            |       |       |       |     1 ||     1
 Fire: Sling             |    58 |    49 |    67 |    55 ||   229
Throw: Dart              |       |       |       |     2 ||     2
       Throwing net      |       |       |       |     1 ||     1
 Cast: Frozen Ramparts   |       |       |       |     5 ||     5
Evoke: Wand              |       |       |     1 |       ||     1
  Use: Scroll            |     9 |     6 |     7 |     6 ||    28
       Potion            |       |     3 |     3 |     3 ||     9
 Stab: Sleeping          |       |       |       |     1 ||     1
Armor: Scale mail        |    28 |    40 |    75 |    30 ||   173
       Ring mail         |       |       |       |    62 ||    62
       Skin              |       |       |       |    10 ||    10
Dodge: Dodged            |    27 |    46 |    71 |   116 ||   260
Block: Buckler           |    17 |    49 |    59 |   111 ||   236
